 Dungeon Crawl Stone Soup version 0.29.1-1-gd02db6906a (webtiles) character file.

Game seed: 11601138237991582347

504 DemonSlayer the Firebug (level 6, -1/38 (42) HPs)
             Began as a Demonspawn Fire Elementalist on Sept 17, 2022.
             Slain by a necrophage (3 damage)
             ... on level 3 of the Dungeon.
             The game lasted 00:08:54 (5379 turns).

DemonSlayer the Firebug (DsFE)                      Turns: 5379, Time: 00:08:55

HP:   -1/38 (42)    AC:  3    Str:  8    XL:     6   Next: 96%
MP:   2/12          EV: 12    Int: 25    God:
Gold: 99            SH:  0    Dex: 13    Spells: 8/14 levels left

rFire   + . .      SeeInvis .   s - +0 morningstar
rCold   . . .      Faith    .   (no shield)
rNeg    . . .      Spirit   .   a - +0 robe
rPois   .          Reflect  .   (no helmet)
rElec   .          Harm     .   (no cloak)
rCorr   .          Rampage  .   (no gloves)
Will    .....                   n - +0 pair of boots
Stlth   ++........              j - amulet of the acrobat
HPRegen 0.12/turn               p - ring of protection from fire
MPRegen 0.13/turn               w - +6 ring of intelligence

@: drained
A: powered by death 2
a: no special abilities


You were on level 3 of the Dungeon.
You visited 1 branch of the dungeon, and saw 4 of its levels.

You collected 267 gold pieces.
You spent 168 gold pieces at shops.

Inventory:

Hand Weapons
 s - a +0 morningstar (weapon)
Armour
 a - a +0 robe (worn)
 n - a +0 pair of boots (worn)
Jewellery
 j - an amulet of the acrobat (around neck)
 p - a ring of protection from fire (left hand)
 w - a +6 ring of intelligence (right hand)
Scrolls
 c - 2 scrolls of magic mapping {unknown}
 e - a scroll of enchant armour {unknown}
 g - 3 scrolls of fog {unknown}
 h - 2 scrolls of identify {unknown}
 i - a scroll of silence {unknown}
 m - a scroll of noise {unknown}
 o - 3 scrolls of poison {unknown}
 q - 2 scrolls of teleportation {unknown}
 r - a scroll of fear {unknown}
 u - a scroll of brand weapon {unknown}
Potions
 b - a potion of magic
 d - 5 potions of heal wounds
 f - a potion of mutation {unknown}
 k - 5 potions of curing
 l - a potion of ambrosia {unknown}
 t - a potion of brilliance {unknown}
 v - a potion of lignification {unknown}


   Skills:
 + Level 0.6 Fighting
 + Level 1.1 Maces & Flails
 + Level 2.3 Dodging
 + Level 2.3 Stealth
 + Level 0.2 Unarmed Combat
 + Level 4.6 Spellcasting
 + Level 1.8 Conjurations
 + Level 4.8 Fire Magic


You had 8 spell levels left.
You knew the following spells:

 Your Spells              Type           Power      Damage    Failure   Level
a - Foxfire               Conj/Fire      88%        2x1d8     2%          1
b - Scorch                Fire           58%        2d8       1%          2
c - Conjure Flame         Conj/Fire      22%        6-21      7%          3

Your spell library contained the following spells:

 Spells                   Type           Power      Damage    Failure   Level
 Inner Flame              Hex/Fire       17%        N/A       10%         3
 Flame Wave               Conj/Fire      22%        2d8       22%         4
 Fireball                 Conj/Fire      11%        3d7       52%         5
 Starburst                Conj/Fire      11%        6d5       98%         6
 Ignition                 Fire           14%        3d6       100%        8


Dungeon Overview and Level Annotations

Branches:
Dungeon (4/15)
 Temple: D:4-7

Altars:

Shops:
D:3 !([!*


Innate Abilities, Weirdness & Mutations

You regenerate health from kills.


Message History

The necrophage hits you.
You hit the necrophage.
The necrophage is almost destroyed.
The necrophage barely misses you.
The necrophage hits you but does no damage.
You are out of magic!
You are out of magic!
You closely miss the necrophage.
The necrophage is almost destroyed.
The necrophage barely misses you.
You barely miss the necrophage.
The necrophage is almost destroyed.
The necrophage hits you. x2; You feel drained.
You closely miss the necrophage.
The necrophage is almost destroyed.
The necrophage is no longer more vulnerable to fire.
The necrophage hits you.
You are too injured to fight recklessly!
You are too injured to fight recklessly!
You closely miss the necrophage. You punch the necrophage.
The necrophage is almost destroyed.
The necrophage hits you.
You feel drained. The necrophage barely misses you.
You closely miss the necrophage.
The necrophage is almost destroyed.
The necrophage completely misses you.
You barely miss the necrophage.
The necrophage is almost destroyed.
The necrophage barely misses you. The necrophage hits you.
* * * LOW HITPOINT WARNING * * *
You barely miss the necrophage.
The necrophage is almost destroyed.
The necrophage barely misses you.
You closely miss the necrophage.
The necrophage is almost destroyed.
The necrophage hits you.
* * * LOW HITPOINT WARNING * * *
You feel drained.
* * * LOW HITPOINT WARNING * * *
The necrophage hits you.
You die...

#...............##.#
#.# #.#
##########.####.##.#
#.# #.# ####.#
#.##.# ##.####.#
#..<.# #.##.#
#.....#.# #.####
#.##.###.###.#.####
#.# ##.##.#...#
#....... #.#
#...#.#.#.###.#.###.
#.#
#.n.............# #.
#.#
#..@#.#.###.##### #.
#.# #####.#.# #.# #.
#.# #.#.# #.# ###.
#.# #.#.# #.#####...
#.# #.#.###.........
#.# #....########.#.
#.# ######+#.# #.#.
#.# #....'∩'.# #.#.
#.######.####'###
#.#.


You could see a necrophage.

Vanquished Creatures
  Sigmund (D:4)
  A phantom (D:4)
  A necrophage (D:3)
  A jelly (D:4)
  An orc priest (D:4)
  2 orc wizards (D:4)
  2 adders (D:2)
  2 worms (D:3)
  5 orcs
  12 ball pythons
  5 endoplasms
  5 giant cockroaches
  3 goblins
  8 hobgoblins
  2 quokkas (D:1)
  9 bats
  2 frilled lizards (D:1)
  2 kobolds
  3 rats
67 creatures vanquished.

Vanquished Creatures (others)
  200 foxfires
200 creatures vanquished.

Grand Total: 267 creatures vanquished

Notes
Turn   | Place    | Note
-------+----------+-------------------------------------------
     0 | D:1      | DemonSlayer the Demonspawn Fire Elementalist began the
                  | quest for the Orb.
     0 | D:1      | Reached XP level 1. HP: 13/13 MP: 3/3
   884 | D:1      | Gained mutation: You regenerate a little health from kills.
                  | [demonic ancestry]
   884 | D:1      | Reached XP level 2. HP: 19/19 MP: 1/5
   960 | D:1      | Learned a level 2 spell: Scorch
  1174 | D:1      | Found a faded altar of an unknown god.
  2051 | D:2      | Gained mutation: You regenerate health from kills. [demonic
                  | ancestry]
  2051 | D:2      | Reached XP level 3. HP: 19/24 MP: 1/6
  2685 | D:1      | Learned a level 3 spell: Conjure Flame
  3275 | D:3      | Found Baeqoque's Distillery.
  3324 | D:3      | Bought a potion of curing for 33 gold pieces
  3324 | D:3      | Bought a potion of heal wounds for 55 gold pieces
  3536 | D:3      | Found Usuteh's Armour Boutique.
  3542 | D:3      | Reached XP level 4. HP: 29/30 MP: 2/7
  3980 | D:3      | Found Ymiliwu's Antique Weapon Emporium.
  4018 | D:3      | Found Pepreo's Distillery.
  4047 | D:3      | Noticed a necrophage
  4051 | D:3      | Killed a necrophage
  4052 | D:3      | Reached XP level 5. HP: 33/35 MP: 2/9
  4155 | D:3      | Found Loumn's General Store.
  4159 | D:3      | Bought a potion of curing for 30 gold pieces
  4159 | D:3      | Bought a potion of heal wounds for 50 gold pieces
  4293 | D:4      | Noticed a black bear
  4506 | D:4      | Noticed a phantom
  4518 | D:4      | Killed a phantom
  4725 | D:4      | Reached XP level 6. HP: 42/42 MP: 6/11
  5275 | D:4      | Noticed Sigmund
  5287 | D:4      | Killed Sigmund
  5288 | D:4      | Reached skill level 1 in Maces & Flails
  5379 | D:3      | Slain by a necrophage

Illustrated notes

Levels and vault maps discovered:
D:1:      lemuel_arrival_room, layout_loops_ring,
          hellmonk_ecumenical_altar_leap_of_faith, minmay_unequal
D:2:      layout_rooms
D:3:      layout_loops_ring, serial_shops, nicolae_shop_behind_doors, shop,
          shop, shop, nicolae_lakefront_shop
D:4:      layout_loops_ring, lemuel_crystal_altar, grunt_ministairs_9,
          nicolae_figureground_pulse, uniq_crazy_yiuf_cottage, uniq_sigmund

Skill      XL: |  1  2  3  4  5  6 |
---------------+-------------------+-----
Dodging        | 2 |  2.3
Fire Magic     | 3 4 |  4.8
Stealth        | 2 |  2.3
Spellcasting   | 3 4 |  4.6
Maces & Flails | 1 |  1.1
Fighting       | |  0.6
Unarmed Combat | |  0.2
Conjurations   | |  1.8

Action                   |  1- 3 |  4- 6 || total
-------------------------+-------+-------++-------
Melee: Unarmed           |    53 |       ||    53
       Mace              |       |     4 ||     4
       Morningstar       |       |    22 ||    22
       Punch             |       |     1 ||     1
 Cast: Foxfire           |   134 |     3 ||   137
       Scorch            |    11 |    36 ||    47
       Conjure Flame     |       |     1 ||     1
  Use: Potion            |       |     1 ||     1
Armor: Robe              |    17 |     4 ||    21
Dodge: Dodged            |    57 |    25 ||    82
